 Dungeon Crawl Stone Soup version 0.22-a0-587-g7d32d7c (webtiles) character file.

116 sking99 the Ruffian (level 4, -1/35 HPs)
             Began as a Draconian Transmuter on July 4, 2018.
             Was an Initiate of Okawaru.
             Slain by an orc priest (4 damage)
             ... on level 3 of the Dungeon.
             The game lasted 00:04:09 (2573 turns).

sking99 the Ruffian (Draconian Transmuter)          Turns: 2573, Time: 00:04:11

Health: -1/35      AC:  5    Str: 12    XL:     4   Next: 69%
Magic:  6/7        EV: 12    Int: 15    God:    Okawaru [......]
Gold:   216        SH:  0    Dex: 11    Spells: 4/7 levels left

rFire    . . .     SeeInvis .     - Unarmed
rCold    . . .     Gourm    .   (no shield)
rNeg     . . .     Faith    .   (armour unavailable)
rPois    .         Spirit   .   (helmet restricted)
rElec    .         Reflect  .   (no cloak)
rCorr    .         Harm     .   (no gloves)
MR       .....                  (no boots)
Stlth    +.........             (no amulet)
HPRegen  0.11/turn              (no ring)
MPRegen  0.10/turn              (no ring)

@: appendage
A: unfitting armour, horns 2, cold-blooded, AC +5
a: End Transformation, Renounce Religion


You were on level 3 of the Dungeon.
You worshipped Okawaru.
Okawaru was noncommittal.
You were not hungry.
You had grown temporary horns.
You visited 1 branch of the dungeon, and saw 3 of its levels.

You collected 216 gold pieces.

Inventory:

Missiles
 a - 46 arrows (quivered)
Jewellery
 h - an uncursed ring of fire {unknown}
Scrolls
 d - 4 scrolls of remove curse {unknown}
 e - 6 scrolls of identify {unknown}
 g - 2 scrolls of teleportation {unknown}
 j - 3 scrolls of random uselessness {unknown}
 l - a scroll of enchant armour {unknown}
 m - a scroll of immolation {unknown}
 n - a scroll of magic mapping {unknown}
Potions
 f - 2 potions of brilliance {unknown}
 i - a potion of flight {unknown}
 k - 2 potions of curing {unknown}
Comestibles
 b - a chunk of flesh
 c - 7 rations


   Skills:
 - Level 1.1 Fighting
 - Level 1.7 Dodging
 + Level 5.4 Unarmed Combat
 - Level 2.1 Spellcasting
 - Level 2.0 Transmutations


You had 4 spell levels left.
You knew the following spells:

 Your Spells              Type           Power        Failure   Level  Hunger
a - Beastly Appendage     Tmut           #.....       10%         1    #......
b - Sticks to Snakes      Tmut           #.......     14%         2    ###....

Your spell library contained the following spells:

 Spells                   Type           Power        Failure   Level  Hunger
 Spider Form              Tmut/Pois      #.........   41%         3    ###....
 Blade Hands              Tmut           #.........   95%         5    ######.
 Ice Form                 Ice/Tmut       #.......     82%         4    #####..


Dungeon Overview and Level Annotations

Branches:
Dungeon (3/15)

Altars:
Okawaru


Innate Abilities, Weirdness & Mutations

Your plain brown scales are hard. (AC +5)
You cannot fit into any form of body armour.
You are cold-blooded and may be slowed by cold attacks.
You have a pair of horns on your head.


Message History

The orc priest miscasts a cantrip.
The orc priest hits you with a short sword.
The orc priest hits you but does no damage.
The orc hits you but does no damage.
You barely miss the orc priest.
The orc priest is severely wounded.
The orc priest hits you but does no damage.
The orc priest hits you with a short sword.
The orc priest invokes the aid of Beogh against you.
Beogh smites you!
* * * LOW HITPOINT WARNING * * *
Okay, then.
You hit the orc priest.
Your tail-slap misses the orc priest.
The orc priest is almost dead.
The orc barely misses you. The orc priest completely misses you.
The orc priest mumbles some strange prayers to Beogh against you.
Pain shoots through your body!
* * * LOW HITPOINT WARNING * * *
The orc priest hits you.
You die...

..####### #......#
#.##.#.##...
........####.#....##
#..#.#.##...
..#####......#.....#
##.#.#.##... ..#
#..........#.## #.#.#.##...
..#
#.....##...#..###.#.#.##...
..#
#.######...##.#...#...##...
###
#.#######.......#####.#####
# #.#......o...........<..#
#
#.#......o@....####...#.###
### #........oo.....#
#.#...... ..#
###...........#.###...#....
..#
...........#..####.#.#..
..#
...........#.........#..
..#
#.....######...###.####.
..# ###### #.#..........
..# #########.#.###.#####
..# #............##.#.#


You could see 3 orc priests and an orc.

Vanquished Creatures
  A hound zombie (D:3)
  3 gnolls (D:3)
  2 adders
  An ooze (D:3)
  3 worms (D:2)
  2 dart slugs
  An orc (D:3)
  2 goblins
  5 hobgoblins
  2 jackals (D:1)
  A kobold (D:2)
  3 quokkas
  4 bats
  4 frilled lizards
  A quokka skeleton (D:3)
  8 rats
43 creatures vanquished.

Notes
Turn   | Place    | Note
-------+----------+-------------------------------------------
     0 | D:1      | sking99 the Draconian Transmuter began the quest for the Orb.
     0 | D:1      | Reached XP level 1. HP: 16/16 MP: 3/3
   177 | D:1      | Reached XP level 2. HP: 14/23 MP: 5/5
   818 | D:2      | Reached skill level 4 in Unarmed Combat
  1026 | D:2      | Reached XP level 3. HP: 13/28 MP: 6/6
  1800 | D:3      | Learned a level 2 spell: Sticks to Snakes
  2063 | D:3      | Reached XP level 4. HP: 30/35 MP: 7/7
  2197 | D:3      | Reached skill level 5 in Unarmed Combat
  2437 | D:3      | Found an iron altar of Okawaru.
  2444 | D:3      | Became a worshipper of Warmaster Okawaru
  2573 | D:3      | Slain by an orc priest

Vault maps used:
D:1:      minmay_arrival_cross, minmay_misc_feat_doors
D:3:      okawaru_metal_pillars_1_2, first_ration

Skill      XL: |  1  2  3  4 |
---------------+-------------+-----
Unarmed Combat | 4 5 |  5.4
Fighting       | |  1.1
Dodging        | |  1.7
Spellcasting   | |  2.1
Transmutations | |  2.0

Action                   |  1- 3 |  4- 6 || total
-------------------------+-------+-------++-------
Melee: Unarmed           |   157 |    40 ||   197
       Tailslap          |    13 |     3 ||    16
       Punch             |     3 |     1 ||     4
 Cast: Beastly Appendage |     1 |     1 ||     2
 Stab: Sleeping          |     1 |       ||     1
  Eat: Chunk             |     4 |     1 ||     5
Armor: Skin              |    48 |     8 ||    56
Dodge: Dodged            |    97 |    22 ||   119

Table legend:
 A = Spawn XP
 B = Non-spawn XP
 C = Spawn XP percentage of total XP
 D = Spawn monster count
 E = Non-spawn monster count
 F = Spawn count percentage of total count
 G = Total turns spent on level
                    A         B        C        D         E        F      G
               +---------+---------+-------+---------+---------+-------+---------
         Total |       0 |     166 |   0.0 |       0 |      43 |   0.0 |  2573
               +---------+---------+-------+---------+---------+-------+---------
           D:1 |       0 |      17 |   0.0 |       0 |      10 |   0.0 |   755
           D:2 |       0 |      51 |   0.0 |       0 |      18 |   0.0 |  1041
           D:3 |       0 |      98 |   0.0 |       0 |      15 |   0.0 |   777
               +---------+---------+-------+---------+---------+-------+---------
